AoeStats
← mryendl2410

Oasis

509108451Analyzed
4v4 RM · 7d ago on Sep 25, 2026· 24m 59s· 8 players
Game mode
Random Map
Map size
Large (8 player)
Population
200
Speed
Normal
Resources
Standard
Victory
Conquest
Starting age
Dark Age
Ending age
Imperial Age
RankedLock teamsTeams togetherTeam positionsShared explorationLock speedFull tech treeHidden civsTurbo modeCheats
Victory
Defeat
🇯🇵 Mongols · Japan
1419
+16
🇨🇳 Poles · China
1416
+16
🇪🇸 Saracens · Spain
1412
+16
🇪🇨 Ethiopians · Ecuador
1364
+17
🇹🇼 Cumans · Taiwan
1457
-19
🇹🇼 Britons · Taiwan
1429
-17
🇻🇳 Ethiopians · Vietnam
1408
-16
🇻🇳 Lithuanians · Vietnam
1337
-13
VaultBoy
7:58 Loom
10:11 Feudal Age
12:26 Double-Bit Axe
14:59 Fletching
22:17 Castle Age
20:38 Padded Archer Armor
22:58 Bodkin Arrow
23:20 Crossbowman
[ECU] QUITUS
6:42 Loom
8:59 Feudal Age
9:50 Double-Bit Axe
11:43 Fletching
12:05 Padded Archer Armor
27:34 Castle Age
ふぁいやー
8:20 Feudal Age
12:40 Wheelbarrow
13:22 Double-Bit Axe
13:24 Horse Collar
18:12 Loom
18:55 Bloodlines
23:16 Castle Age
22:07 Gold Mining
24:12 Forging
24:09 Scale Barding Armor
24:21 Husbandry
24:33 Bow Saw
24:36 Light Cavalry
EZcxy
9:16 Feudal Age
7:32 Loom
10:00 Double-Bit Axe
9:59 Horse Collar
14:04 Scale Barding Armor
15:21 Forging
21:15 Castle Age
19:51 Wheelbarrow
20:10 Town Watch
20:51 Bloodlines
22:27 Chain Barding Armor
22:08 Gold Mining
23:44 Hand Cart
25:05 Heavy Plow
Marchantia
9:03 Feudal Age
10:43 Double-Bit Axe
13:23 Horse Collar
18:13 Wheelbarrow
19:55 Scale Barding Armor
21:37 Bloodlines
23:22 Forging
royalchen
5:46 Loom
8:45 Feudal Age
11:42 Fletching
14:30 Padded Archer Armor
mryendl2410
6:28 Loom
8:59 Feudal Age
10:10 Double-Bit Axe
14:24 Fletching
18:44 Horse Collar
19:29 Padded Archer Armor
26:30 Castle Age
24:31 Gold Mining
piecardinap
10:47 Feudal Age
9:05 Loom
10:50 Feudal Age
12:36 Double-Bit Axe
15:13 Castle Age
13:30 Horse Collar
20:57 Gold Mining
22:05 Scale Barding Armor
24:18 Bloodlines
Connection lost

Rejoining the realm…

Still unreachable

The connection could not be restored.

Session expired

The server has moved on; the page needs a fresh start.